| TOP OF THE 1ST |
|
Anderson Rebels batting - Pitching for Greenville Spinners : RHP Linvel Mosby
|
|
Pitching: RHP Linvel Mosby
|
|
|
Batting: RHB Henry Cotto
|
0-0: Ball 1-0: TRIPLE (Line Drive, 78XD, EV 106.3 MPH)
|
|
Batting: RHB Mike Gallego
|
0-0: Swinging Strike 0-1: Foul Ball, location: 2F 0-2: Ball 1-2: Ground out 6-3 (Groundball, 6M, EV 103.1 MPH) Henry Cotto scores
|
|
Batting: RHB Rick Schu
|
0-0: Called Strike 0-1: Ball 1-1: Hit by Pitch
|
|
Batting: RHB Larry See
|
0-0: Ball 1-0: Ball 2-0: Ball 3-0: Base on Balls Rick Schu to second
|
|
Batting: RHB Todd Demeter
|
0-0: Fielders Choice at 2nd, 3-6 (Groundball, 34S, EV 81.3 MPH) Rick Schu to third
|
|
Batting: RHB Juan Blanco
|
0-0: Called Strike 0-1: Foul Ball, location: 2F 0-2: Strikes out looking
|
| Top of the 1st over - 1 run, 1 hit, 0 errors, 2 left on base; Anderson 1 - Greenville 0 |
| BOTTOM OF THE 1ST |
|
Greenville Spinners batting - Pitching for Anderson Rebels : RHP Carlos Ruiz
|
|
Pitching: RHP Carlos Ruiz
|
|
|
Batting: RHB Tony Russell
|
0-0: Ball 1-0: Called Strike 1-1: Fly out, F4 (Popup, 34S, EV 84.4 MPH)
|
|
Batting: LHB Tim Jordan
|
0-0: Ball 1-0: Ball 2-0: Foul Ball, location: 2F 2-1: Swinging Strike 2-2: Fly out, F9 (Flyball, 89M, EV 90.0 MPH)
|
|
Batting: LHB John Edmonds
|
0-0: Called Strike 0-1: Swinging Strike 0-2: SINGLE (Line Drive, 8RS, EV 101.9 MPH)
|
|
Batting: RHB Ronald Carapezzi
|
0-0: Ball 1-0: SINGLE (Line Drive, 6MD, EV 105.0 MPH) John Edmonds to second Runner from 2nd tries for 3rd, SAFE, throw by CF made to third
|
|
Batting: RHB Glenn Robertson
|
0-0: Swinging Strike 0-1: Ball 1-1: Ball 2-1: Fly out, F3 (Popup, 3SF, EV 71.3 MPH)
|
| Bottom of the 1st over - 0 runs, 2 hits, 0 errors, 2 left on base; Anderson 1 - Greenville 0 |
| TOP OF THE 2ND |
|
Anderson Rebels batting - Pitching for Greenville Spinners : RHP Linvel Mosby
|
|
Batting: LHB James Beck
|
0-0: Ball 1-0: Swinging Strike 1-1: Ball 2-1: Foul Ball, location: 2F 2-2: Reached on error, E3 (Groundball, 34, EV 90.6 MPH)
|
|
Batting: RHB Guillermo Montiel
|
0-0: Ball 1-0: Ball 2-0: Foul Ball, location: 2F 2-1: Fly out, F2 (Popup, 2R, EV 88.8 MPH)
|
|
Batting: RHB Jose Bernhardt
|
0-0: Ball James Beck steals 2nd, throwing error, E2 James Beck to third 1-0: Ball 2-0: Ball 3-0: Swinging Strike 3-1: Foul Ball, location: 2F 3-2: Strikes out swinging
|
|
Batting: RHB Henry Cotto
|
0-0: Ground out U3 (Groundball, 3L, EV 86.3 MPH)
|
| Top of the 2nd over - 0 runs, 0 hits, 2 errors, 1 left on base; Anderson 1 - Greenville 0 |
| BOTTOM OF THE 2ND |
|
Greenville Spinners batting - Pitching for Anderson Rebels : RHP Carlos Ruiz
|
|
Batting: RHB Michael McEvilly
|
0-0: Ball 1-0: Ball 2-0: Ball 3-0: Base on Balls
|
|
Batting: RHB Darrell Woodard
|
0-0: Called Strike 0-1: Ball Michael McEvilly is caught stealing 2nd base 2-4 1-1: Ball 2-1: Bunted foul 2-2: SINGLE (Groundball, 6S, EV 60.6 MPH) (infield hit)
|
|
Batting: RHB Luis Salazar
|
0-0: Called Strike Darrell Woodard steals 2nd base 0-1: Ball 1-1: Swinging Strike 1-2: SINGLE (Line Drive, 8RS, EV 91.9 MPH) Darrell Woodard to third Runner from 3rd tries for Home, SAFE, throw by CF to home
|
|
Batting: LHB Russell Getter
|
0-0: Ball 1-0: Grounds into double play, 6-4-3 (Groundball, 6, EV 84.4 MPH)
|
| Bottom of the 2nd over - 1 run, 2 hits, 0 errors, 0 left on base; Anderson 1 - Greenville 1 |
| TOP OF THE 3RD |
|
Anderson Rebels batting - Pitching for Greenville Spinners : RHP Linvel Mosby
|
|
Batting: RHB Mike Gallego
|
0-0: Called Strike 0-1: Ball 1-1: Ball 2-1: Ball 3-1: Foul Ball, location: 2F 3-2: Fly out, F8 (Flyball, 8LM, EV 89.4 MPH)
|
|
Batting: RHB Rick Schu
|
0-0: Ball 1-0: Ground out 5-3 (Groundball, 56S, EV 62.5 MPH)
|
|
Batting: RHB Larry See
|
0-0: Ball 1-0: Called Strike 1-1: Ball 2-1: Foul Ball, location: 2F 2-2: SINGLE (Line Drive, 6MD, EV 103.1 MPH)
|
|
Batting: RHB Todd Demeter
|
0-0: Ball 1-0: Foul Ball, location: 2F 1-1: Swinging Strike 1-2: Ball 2-2: Strikes out swinging
|
| Top of the 3rd over - 0 runs, 1 hit, 0 errors, 1 left on base; Anderson 1 - Greenville 1 |
| BOTTOM OF THE 3RD |
|
Greenville Spinners batting - Pitching for Anderson Rebels : RHP Carlos Ruiz
|
|
Batting: RHB Tony Russell
|
0-0: Foul Ball, location: 2F 0-1: Ball 1-1: Called Strike 1-2: Ball 2-2: Ball 3-2: Base on Balls
|
|
Batting: LHB Tim Jordan
|
0-0: Called Strike 0-1: Called Strike 0-2: Foul Ball, location: 2F 0-2: Ball 1-2: Fly out, F7 (Flyball, 7S, EV 90.6 MPH)
|
|
Batting: LHB John Edmonds
|
0-0: Ball 1-0: Ball 2-0: Called Strike 2-1: 2-RUN HOME RUN (Flyball, 9D, EV 97.5 MPH), Distance : 375 ft
|
|
Batting: RHB Ronald Carapezzi
|
0-0: Foul Ball, location: 2F 0-1: Ball 1-1: Ball 2-1: Fly out, F7 (Flyball, 7D, EV 104.4 MPH)
|
|
Batting: RHB Glenn Robertson
|
0-0: Swinging Strike 0-1: Foul Ball, location: 2F 0-2: Foul Ball, location: 2F 0-2: Ball 1-2: Foul Ball, location: 2F 1-2: Fly out, F8 (Flyball, 8RXD, EV 100.6 MPH)
|
| Bottom of the 3rd over - 2 runs, 1 hit, 0 errors, 0 left on base; Anderson 1 - Greenville 3 |
| TOP OF THE 4TH |
|
Anderson Rebels batting - Pitching for Greenville Spinners : RHP Linvel Mosby
|
|
Batting: RHB Juan Blanco
|
0-0: Ball 1-0: Fly out, F7 (Line Drive, 7, EV 90.6 MPH)
|
|
Batting: LHB James Beck
|
0-0: Ball 1-0: Ball 2-0: Called Strike 2-1: Swinging Strike 2-2: Ball 3-2: Base on Balls
|
|
Batting: RHB Guillermo Montiel
|
0-0: Fielders Choice at 2nd, 5-4 (Groundball, 56S, EV 84.4 MPH)
|
|
Batting: RHB Jose Bernhardt
|
0-0: Called Strike 0-1: Ball 1-1: Foul Ball, location: 2F 1-2: Ball 2-2: Strikes out looking
|
| Top of the 4th over - 0 runs, 0 hits, 0 errors, 1 left on base; Anderson 1 - Greenville 3 |
| BOTTOM OF THE 4TH |
|
Greenville Spinners batting - Pitching for Anderson Rebels : RHP Carlos Ruiz
|
|
Batting: RHB Michael McEvilly
|
0-0: Called Strike 0-1: Ball 1-1: Ball 2-1: Ball 3-1: Base on Balls
|
|
Batting: RHB Darrell Woodard
|
0-0: Called Strike 0-1: Fielders Choice at 2nd, 6-4 (Groundball, 6, EV 80.0 MPH)
|
|
Batting: RHB Luis Salazar
|
Pickoff Throw to First - Error! E1 Darrell Woodard to second 0-0: Foul Ball, location: 2F 0-1: Swinging Strike 0-2: Reached on error, E5 (Groundball, 5, EV 85.6 MPH) Darrell Woodard scores
|
|
Batting: LHB Russell Getter
|
0-0: Foul Ball, location: 2F 0-1: Foul Ball, location: 2F 0-2: Ball 1-2: Foul Ball, location: 2F 1-2: Strikes out looking
|
|
Batting: RHB Tony Russell
|
0-0: Ground out 4-3 (Groundball, 34D, EV 89.4 MPH)
|
| Bottom of the 4th over - 1 run, 0 hits, 2 errors, 1 left on base; Anderson 1 - Greenville 4 |
| TOP OF THE 5TH |
|
Anderson Rebels batting - Pitching for Greenville Spinners : RHP Linvel Mosby
|
|
Batting: RHB Henry Cotto
|
0-0: Foul Ball, location: 2F 0-1: Ball 1-1: Fly out, F9 (Line Drive, 9D, EV 97.5 MPH)
|
|
Batting: RHB Mike Gallego
|
0-0: Ground out 4-3 (Groundball, 34, EV 81.3 MPH)
|
|
Batting: RHB Rick Schu
|
0-0: Swinging Strike 0-1: Ball 1-1: Called Strike 1-2: Ball 2-2: Foul Ball, location: 2F 2-2: Foul Ball, location: 2F 2-2: Ball 3-2: Foul Ball, location: 2F 3-2: Ground out 5-3 (Groundball, 25, EV 81.9 MPH)
|
| Top of the 5th over - 0 runs, 0 hits, 0 errors, 0 left on base; Anderson 1 - Greenville 4 |
| BOTTOM OF THE 5TH |
|
Greenville Spinners batting - Pitching for Anderson Rebels : RHP Carlos Ruiz
|
|
Batting: LHB Tim Jordan
|
0-0: Ball 1-0: Ground out 6-3 (Groundball, 6M, EV 97.5 MPH)
|
|
Batting: LHB John Edmonds
|
0-0: Ball 1-0: Ground out 5-3 (Groundball, 5, EV 85.6 MPH)
|
|
Batting: RHB Ronald Carapezzi
|
0-0: Called Strike 0-1: Foul Ball, location: 2F 0-2: Ball 1-2: DOUBLE (Flyball, 8LD, EV 101.9 MPH)
|
|
Batting: RHB Glenn Robertson
|
0-0: Swinging Strike 0-1: Ball 1-1: Swinging Strike 1-2: Ball 2-2: DOUBLE (Flyball, 78D, EV 104.4 MPH) Ronald Carapezzi scores
|
|
Pitching: RHP Rich Yett
|
|
|
Batting: RHB Michael McEvilly
|
0-0: Swinging Strike 0-1: Ball 1-1: Foul Ball, location: 2F 1-2: Strikes out looking
|
| Bottom of the 5th over - 1 run, 2 hits, 0 errors, 1 left on base; Anderson 1 - Greenville 5 |
| TOP OF THE 6TH |
|
Anderson Rebels batting - Pitching for Greenville Spinners : RHP Linvel Mosby
|
|
Batting: RHB Larry See
|
0-0: Foul Ball, location: 2F 0-1: Foul Ball, location: 2F 0-2: Ball 1-2: Ball 2-2: Ball 3-2: Base on Balls
|
|
Batting: RHB Todd Demeter
|
0-0: Ball 1-0: Ball 2-0: Ball 3-0: Called Strike 3-1: Called Strike 3-2: Foul Ball, location: 2F 3-2: Fly out, F8 (Flyball, 8LM, EV 86.9 MPH)
|
|
Batting: RHB Juan Blanco
|
0-0: Ball 1-0: Called Strike 1-1: Ball 2-1: 2-RUN HOME RUN (Flyball, 7D, EV 86.9 MPH), Distance : 368 ft
|
|
Batting: LHB James Beck
|
0-0: Called Strike 0-1: Swinging Strike 0-2: Strikes out swinging
|
|
Batting: RHB Guillermo Montiel
|
0-0: Ball 1-0: Called Strike 1-1: Foul Ball, location: 2F 1-2: Fly out, F8 (Flyball, 78M, EV 77.5 MPH)
|
| Top of the 6th over - 2 runs, 1 hit, 0 errors, 0 left on base; Anderson 3 - Greenville 5 |
| BOTTOM OF THE 6TH |
|
Greenville Spinners batting - Pitching for Anderson Rebels : RHP Rich Yett
|
|
Batting: RHB Darrell Woodard
|
0-0: SINGLE (Line Drive, 34, EV 97.5 MPH)
|
|
Batting: RHB Luis Salazar
|
0-0: Ball Darrell Woodard steals 2nd base 1-0: Ball 2-0: Ball 3-0: Base on Balls
|
|
Batting: LHB Russell Getter
|
0-0: Sac Bunt to 23 - play at first, batter OUT! 3-4 Darrell Woodard to third Luis Salazar to second
|
|
Batting: RHB Tony Russell
|
0-0: Foul Ball, location: 2F 0-1: Called Strike 0-2: Ball 1-2: Fly out, F9 (Flyball, 9D, EV 95.6 MPH) Runner from 3rd tags up, SCORES, no throw by RF
|
|
Batting: LHB Tim Jordan
|
0-0: Swinging Strike 0-1: Ball 1-1: Called Strike 1-2: Strikes out swinging
|
| Bottom of the 6th over - 1 run, 1 hit, 0 errors, 1 left on base; Anderson 3 - Greenville 6 |
| TOP OF THE 7TH |
|
Anderson Rebels batting - Pitching for Greenville Spinners : RHP Linvel Mosby
|
|
Batting: RHB Jose Bernhardt
|
0-0: Fly out, F1 (Line Drive, P, EV 74.4 MPH)
|
|
Batting: RHB Henry Cotto
|
0-0: Fly out, F8 (Line Drive, 8RM, EV 98.8 MPH)
|
|
Batting: RHB Mike Gallego
|
0-0: Swinging Strike 0-1: Ball 1-1: Called Strike 1-2: Strikes out looking
|
| Top of the 7th over - 0 runs, 0 hits, 0 errors, 0 left on base; Anderson 3 - Greenville 6 |
| BOTTOM OF THE 7TH |
|
Greenville Spinners batting - Pitching for Anderson Rebels : RHP Rich Yett
|
|
Batting: LHB John Edmonds
|
0-0: Ball 1-0: Called Strike 1-1: Swinging Strike 1-2: Foul Ball, location: 2F 1-2: Strikes out swinging
|
|
Batting: RHB Ronald Carapezzi
|
0-0: Called Strike 0-1: Ball 1-1: Ball 2-1: Ball 3-1: Called Strike 3-2: Strikes out swinging
|
|
Batting: RHB Glenn Robertson
|
0-0: Called Strike 0-1: Called Strike 0-2: Strikes out swinging
|
| Bottom of the 7th over - 0 runs, 0 hits, 0 errors, 0 left on base; Anderson 3 - Greenville 6 |
| TOP OF THE 8TH |
|
Anderson Rebels batting - Pitching for Greenville Spinners : RHP Linvel Mosby
|
|
Batting: RHB Rick Schu
|
0-0: Called Strike 0-1: Fly out, F7 (Flyball, 78M, EV 95.0 MPH)
|
|
Batting: RHB Larry See
|
0-0: Ground out 3-1 (Groundball, 34, EV 111.9 MPH)
|
|
Batting: RHB Todd Demeter
|
0-0: Ball 1-0: Ball 2-0: Swinging Strike 2-1: Fly out, F8 (Flyball, 8LM, EV 87.5 MPH)
|
| Top of the 8th over - 0 runs, 0 hits, 0 errors, 0 left on base; Anderson 3 - Greenville 6 |
| BOTTOM OF THE 8TH |
|
Greenville Spinners batting - Pitching for Anderson Rebels : RHP Rich Yett
|
|
Batting: RHB Michael McEvilly
|
0-0: Called Strike 0-1: SINGLE (Groundball, P, EV 84.4 MPH) (infield hit)
|
|
Batting: RHB Darrell Woodard
|
0-0: Bunt missed! 0-1: Bunt missed! 0-2: Fielders Choice at 2nd, 5-4 (Groundball, 56, EV 103.8 MPH)
|
|
Batting: RHB Luis Salazar
|
0-0: Called Strike 0-1: Ball Darrell Woodard is caught stealing 2nd base 2-4 1-1: Ground out 5-3 (Groundball, 5L, EV 90.6 MPH)
|
| Bottom of the 8th over - 0 runs, 1 hit, 0 errors, 0 left on base; Anderson 3 - Greenville 6 |
| TOP OF THE 9TH |
|
Anderson Rebels batting - Pitching for Greenville Spinners : RHP Linvel Mosby
|
|
Batting: RHB Juan Blanco
|
0-0: Swinging Strike 0-1: Foul Ball, location: 2F 0-2: Ball 1-2: Fly out, F4 (Popup, 4S, EV 70.6 MPH)
|
|
Batting: LHB James Beck
|
0-0: Ball 1-0: Foul Ball, location: 2F 1-1: Fly out, F7 (Flyball, 7LD, EV 96.3 MPH)
|
|
Batting: RHB Guillermo Montiel
|
0-0: Called Strike 0-1: Ball 1-1: Ball 2-1: Swinging Strike 2-2: Ball 3-2: Fly out, F9 (Flyball, 9LD, EV 83.8 MPH)
|
| Top of the 9th over - 0 runs, 0 hits, 0 errors, 0 left on base; Anderson 3 - Greenville 6 |
|